 Dungeon Crawl Stone Soup version 0.25-a0-294-gea9b1ad378 (webtiles) character file.

Game seed: 8709935951673730875, levelgen mode: deterministic

154 vishdafish the Poker (level 5, -3/46 HPs)
             Began as a Centaur Berserker on Dec 17, 2019.
             Was a Priest of Trog.
             Slain by a goblin
             ... wielding a +0 dagger
             ... led by Robin
              (5 damage)
             ... on level 3 of the Dungeon.
             The game lasted 00:04:26 (3312 turns).

vishdafish the Poker (Centaur Berserker)            Turns: 3312, Time: 00:04:26

Health: -3/46      AC:  5    Str: 19    XL:     5   Next: 13%
Magic:  4/4        EV: 10    Int:  6    God:    Trog [***...]
Gold:   145        SH:  0    Dex: 10    Spells: 4/4 levels left

rFire    . . .     SeeInvis .   o - +0 trident
rCold    . . .     Gourm    .   (no shield)
rNeg     . . .     Faith    .   b - +0 animal skin
rPois    .         Spirit   .   p - +0 helmet
rElec    .         Reflect  .   (no cloak)
rCorr    .         Harm     .   (no gloves)
MR       +....     Clarity  +   (no barding)
Stlth    +.........             (no amulet)
HPRegen  0.00/turn              l - ring of protection from magic
MPRegen  0.09/turn              (no ring)

@: berserk cooldown, slowed
A: large, hooves 3, clarity, deformed body, speed 2, low mp 1, inhibited
regeneration, tough skin 3, subdued magic 1
a: Berserk, Trog's Hand, Renounce Religion


You were on level 3 of the Dungeon.
You worshipped Trog.
Trog was most pleased with you.
You were not hungry.

You visited 1 branch of the dungeon, and saw 3 of its levels.

You collected 145 gold pieces.

Inventory:

Hand Weapons
 a - a +0 spear
 m - a -3 trident
 o - a +0 trident (weapon)
Armour
 b - a +0 animal skin (worn)
 p - a +0 helmet (worn)
Jewellery
 l - a ring of protection from magic (left hand)
Scrolls
 d - a scroll of teleportation {unknown}
 e - a scroll of remove curse
 f - 2 scrolls of enchant weapon {unknown}
 i - a scroll of amnesia {unknown}
 j - a scroll of random uselessness {unknown}
 k - a scroll of magic mapping {unknown}
 n - a scroll of identify {unknown}
Potions
 g - a potion of mutation
 h - a potion of heal wounds {unknown}
Comestibles
 c - 5 rations


   Skills:
 + Level 3.8 Fighting
 * Level 4.1 Polearms
 + Level 1.8 Armour
 + Level 2.1 Dodging
 - Level 0.1 Stealth


You had 4 spell levels left.
You didn't know any spells.
Your spell library was empty.

Dungeon Overview and Level Annotations

Branches:
Dungeon (3/15)

Altars:


Innate Abilities, Weirdness & Mutations

You have hooves in place of feet.
Armour fits poorly on your strangely shaped body.
You cover ground very quickly.
You have extremely tough skin. (AC +3)
You possess an exceptional clarity of mind.
Your magical capacity is low. (-10% MP)
You do not regenerate when monsters are visible.
Your spells are a little easier to cast, but a little less powerful.


Message History

You hit the goblin. You kick the goblin, but do no damage.
The goblin is heavily wounded.
You feel sick.
You are no longer poisoned.
The goblin hits you with a +0 dagger.
* * * LOW HITPOINT WARNING * * *
You closely miss the goblin. Your kick misses the goblin.
The goblin is heavily wounded.
The goblin hits you with a +0 dagger.
* * * LOW HITPOINT WARNING * * *
The goblin closely misses you.
You barely miss the goblin.
The goblin is heavily wounded.
The goblin hits you with a +0 dagger.
* * * LOW HITPOINT WARNING * * *
You closely miss the goblin. You kick the goblin.
You kill the goblin!
Trog accepts your kill. The goblin hits you with a +0 dagger.
You die...

###### #....# #....## ##.....##
#.......# #........ ##..###≈##
########################...#.#≈#.
..g..g......g.gg@.))(....###.#≈#.
##################.#####.....#≈#.
#..# #.###.#≈#. ##.# #...#.#≈#.
###.# ##..###≈## ###.).##
#†..o....) ###...#..# #.#...####
#####..).....###.#...# #
###....(.÷......##.#...####


You could see 3 goblins.

Vanquished Creatures
  Robin (D:3)
  4 adders
  3 gnolls (D:3)
  An ooze (D:2)
  2 worms
  A leopard gecko (D:3)
  An orc (D:3)
  2 giant cockroaches
  9 hobgoblins
  11 bats
  5 frilled lizards
  13 goblins
  9 kobolds
  7 rats
69 creatures vanquished.

Notes
Turn   | Place    | Note
-------+----------+-------------------------------------------
     0 | D:1      | vishdafish the Centaur Berserker began the quest for the
                  | Orb.
     0 | D:1      | Reached XP level 1. HP: 19/19 MP: 1/1
   194 | D:1      | Reached skill level 3 in Polearms
   194 | D:1      | Reached XP level 2. HP: 26/26 MP: 2/2
   781 | D:2      | Reached ** piety under Trog
   976 | D:2      | Reached XP level 3. HP: 27/31 MP: 3/3
  1239 | D:2      | Gained mutation: You do not regenerate when monsters are
                  | visible. [potion of mutation]
  1239 | D:2      | Gained mutation: Your magical capacity is low. (-10% MP)
                  | [potion of mutation]
  1239 | D:2      | Gained mutation: Your spells are a little easier to cast,
                  | but a little less powerful. [potion of mutation]
  1239 | D:2      | Gained mutation: You possess an exceptional clarity of
                  | mind. [potion of mutation]
  2384 | D:3      | Reached XP level 4. HP: 30/38 MP: 3/3
  3236 | D:3      | Noticed Robin
  3271 | D:3      | Reached *** piety under Trog
  3285 | D:3      | Reached skill level 4 in Polearms
  3287 | D:3      | Reached XP level 5. HP: 23/46 MP: 4/4
  3290 | D:3      | Killed Robin
  3311 | D:3      | HP: 2/46 [goblin/+0 dagger[Robin] (1)]
  3312 | D:3      | Slain by a goblin

Levels and vault maps discovered:
D:1:      saegor_arrival_simple_a, layout_loops_ring
D:2:      layout_basic, first_ration, grunt_ministairs_15
D:3:      minmay_skewed_foursquare, layout_basic, elyvilon_altar_1,
          grunt_decor_cap, wad_floor_pattern_2, ebering_dispersal_statue_hall,
          uniq_sigmund, uniq_robin

Skill      XL: |  1  2  3  4 |
---------------+-------------+-----
Polearms       | 3 4 |  4.1
Dodging        | 2 |  2.1
Fighting       | |  3.8
Armour         | |  1.8
Stealth        | |  0.1

Action                   |  1- 3 |  4- 6 || total
-------------------------+-------+-------++-------
Melee: Spear             |   124 |    57 ||   181
       Kick              |    13 |    14 ||    27
       Trident           |       |    29 ||    29
Invok: Berserk           |       |     1 ||     1
  Use: Potion            |     4 |       ||     4
       Scroll            |       |     1 ||     1
  Eat: Chunk             |     2 |     2 ||     4
       Ration            |       |     1 ||     1
Armor: Animal skin       |    37 |    31 ||    68
Dodge: Dodged            |    43 |    42 ||    85

Table legend:
 A = Non-vault XP
 B = Vault XP
 C = Vault XP percentage of total XP
 D = Non-vault monster count
 E = Vault monster count
 F = Vault count percentage of total count
                 A         B        C        D         E       F
            +---------+---------+-------+---------+---------+-------
      Total |     182 |      38 |  17.3 |      58 |      11 |  15.9
            +---------+---------+-------+---------+---------+-------
        D:1 |      29 |       0 |   0.0 |      20 |       0 |   0.0
        D:2 |      39 |       9 |  18.8 |      16 |       2 |  11.1
        D:3 |     114 |      29 |  20.3 |      22 |       9 |  29.0
            +---------+---------+-------+---------+---------+-------
